 Dungeon Sprint DCSS version 0.30.1-9-gdf580d7c3d (webtiles) character file.

Game seed: 8232727351309509687

244 Heoruswealwe the Spear-Bearer (level 5, -3/53 HPs)
             Began as a Minotaur Fighter on Oct 3, 2023.
             Was an Initiate of Gozag.
             Slain by a troll (15 damage)
             ... in the Dungeon (Sprint IX: "|||||||||||||||||||||||||||||").
             The game lasted 00:02:47 (175 turns).

Heoruswealwe the Spear-Bearer (Minotaur Fighter)     Turns: 175, Time: 00:02:48

Health: -3/53      AC: 10    Str: 29    XL:     5   Next: 83%
Magic:  13/13      EV: 10    Int:  8    God:    Gozag
Gold:   0          SH:  0    Dex:  9    Spells: 4/4 levels left

rFire   + + .        b - +2 halberd "Loluc" {heavy, rF++ Will- MP+9 Int+3}
rCold   . . .        (shield currently unavailable)
rNeg    . . .        c - +1 scale mail
rPois   .            (helmet restricted)
rElec   .            h - +0 cloak
rCorr   .            (no gloves)
SInv    .            (no boots)
Will    .....        (no amulet) Stlth
                     k - +3 ring of strength
HPRegen 0.28/turn    j - +3 ring of strength
MPRegen 0.13/turn

%: no teleportation
@: no status effects
A: horns 2, retaliatory headbutt
a: Renounce Religion, Potion Petition, Call Merchant, Bribe Branch


You were in the Dungeon.
You worshipped Gozag.
Gozag was noncommittal.
You visited 1 branch

Inventory:

Hand Weapons
 a - a +0 trident
 b - the +2 halberd "Loluc" (weapon) {heavy, rF++ Will- MP+9 Int+3}
   (You found it in the Dungeon)

   Int:       It affects your intelligence (+3).
   rF:        It greatly protects you from fire.
   MP:        It affects your magic capacity (+9).
   Will:      It decreases your willpower.
Armour
 c - a +1 scale mail (worn)
 d - a +0 buckler
 h - a +0 cloak (worn)
Jewellery
 j - a +3 ring of strength (right hand)
 k - a +3 ring of strength (left hand)
Wands
 l - a wand of quicksilver (10)
Scrolls
 m - 2 scrolls of blinking
Potions
 e - 5 potions of curing
 f - 2 potions of heal wounds
 g - a potion of haste
 i - a potion of berserk rage
 n - a potion of might


   Skills:
 + Level 8.1 Fighting
 * Level 10.5 Polearms
 + Level 8.1 Armour
 - Level 3.6 Shields


You had 4 spell levels left.
You didn't know any spells.
Your spell library was empty.

Dungeon Overview and Level Annotations

Branches:
Dungeon (1/1)

Altars:
Cheibriados
Dithmenos
Elyvilon
Fedhas
Gozag
Hepliaklqana
Kikubaaqudgha
Makhleb
Nemelex Xobeh
Okawaru
Qazlal
Ru
Sif Muna
Trog
Uskayaw
Vehumet
Wu Jian
Xom
Yredelemnul
Zin
The Shining One
Jiyva
Lugonu


Innate Abilities, Weirdness & Mutations

You have a pair of horns on your head.
You reflexively headbutt those who attack you in melee.


Message History

You headbutt the orc warrior, but do no damage.
The orc warrior is almost dead.
The orc warrior closely misses you.
The orc warrior hits you with a +0 hand axe.
You puncture the orc warrior!
You kill the orc warrior!
The howler monkey hits you.
Your Fighting skill increases to level 7!
Your Polearms skill gained 2 levels and is now at level 10!
Your Armour skill increases to level 7!
You have reached level 5!
You closely miss the howler monkey. The howler monkey barely misses you.
You furiously retaliate!
You headbutt the howler monkey.
You spit the howler monkey like a pig!!!
You kill the howler monkey!
Your Fighting skill increases to level 8!
Your Armour skill increases to level 8!
You closely miss the troll. Your headbutt misses the troll.
The troll barely misses you. The troll claws you but does no damage.
The troll claws you. The troll closely misses you.
The troll claws you but does no damage. The troll closely misses you.
You hit the troll. You headbutt the troll!
The troll is moderately wounded.
The troll bites you!
The troll claws you but does no damage. x2
You barely miss the troll.
The troll is moderately wounded.
The orc warrior is distracted by your dazzling golden aura.
The troll bites you. The troll claws you! x2
* * * LOW HITPOINT WARNING * * *
You feel much better.
The orc warrior is no longer distracted by gold.
The troll bites you. The troll barely misses you. The troll closely misses you.
You barely miss the troll.
The troll is moderately wounded.
The troll bites you!
* * * LOW HITPOINT WARNING * * *
The troll claws you but does no damage. The troll closely misses you.
The troll bites you!
You die...
Your body crumbles into a pile of gold.

$
▓!▓
$
▓?▓
$
▓)▓
$
▓.▓
▓[▓
$
▓[▓
▓.▓
$
▓.▓
▓@▓
$ $
▓T▓
▓l▓
$ $
▓o▓
$
▓Y▓
$ $
▓.▓
$
▓.▓
$
▓.▓


You could see a komodo dragon, a yak, a troll and an orc warrior.

Vanquished Creatures
  An orc warrior (D)
  A scorpion (D)
  A howler monkey (D)
  A hound (D)
  An adder (D)
  An ufetubus (D)
  An orc (D)
  A ball python (D)
  A bat (D)
  A frilled lizard (D)
  2 kobolds (D)
12 creatures vanquished.

Notes
Turn   | Place    | Note
-------+----------+-------------------------------------------
     0 | D        | Heoruswealwe the Minotaur Fighter began the quest for the
                  | Orb.
     0 | D        | Reached XP level 1. HP: 19/19 MP: 0/0
    10 | D        | Reached skill level 3 in Polearms
    25 | D        | Noticed a hound
    25 | D        | Noticed a scorpion
    34 | D        | Killed a hound
    35 | D        | Reached skill level 5 in Fighting
    35 | D        | Reached skill level 5 in Polearms
    35 | D        | Reached skill level 5 in Armour
    35 | D        | Reached XP level 2. HP: 24/29 MP: 1/1
    35 | D        | Reached XP level 3. HP: 30/36 MP: 2/2
    39 | D        | Reached skill level 6 in Polearms
    46 | D        | Killed a scorpion
    47 | D        | Reached skill level 8 in Polearms
    47 | D        | Reached XP level 4. HP: 37/45 MP: 3/3
    53 | D        | Found a snail-covered altar of Cheibriados.
    53 | D        | Found a shadowy altar of Dithmenos.
    53 | D        | Found a white marble altar of Elyvilon.
    53 | D        | Found a blossoming altar of Fedhas.
    53 | D        | Found an opulent altar of Gozag.
    54 | D        | Found a hazy altar of Hepliaklqana.
    55 | D        | Found a viscous altar of Jiyva.
    56 | D        | Found an ancient bone altar of Kikubaaqudgha.
    57 | D        | Found a corrupted altar of Lugonu.
    58 | D        | Found a burning altar of Makhleb.
    59 | D        | Found a sparkling altar of Nemelex Xobeh.
    60 | D        | Found an iron altar of Okawaru.
    61 | D        | Became a worshipper of Gozag Ym Sagoz the Greedy
    62 | D        | Found a stormy altar of Qazlal.
    63 | D        | Found a sacrificial altar of Ru.
    64 | D        | Found a shimmering blue altar of Sif Muna.
    65 | D        | Found a bloodstained altar of Trog.
    66 | D        | Found a hide-covered altar of Uskayaw.
    67 | D        | Found a radiant altar of Vehumet.
    68 | D        | Found an ornate altar of the Wu Jian Council.
    69 | D        | Found a shimmering altar of Xom.
    70 | D        | Found a basalt altar of Yredelemnul.
    71 | D        | Found a glowing silver altar of Zin.
    72 | D        | Found a glowing golden altar of the Shining One.
    88 | D        | Got the +2 halberd "Loluc" {heavy, rF++ Will- MP+9 Int+3}
   165 | D        | Noticed an orc warrior
   165 | D        | Noticed a troll
   165 | D        | Noticed a komodo dragon
   165 | D        | Noticed an orc warrior
   165 | D        | Noticed a yak
   168 | D        | Killed an orc warrior
   169 | D        | Reached skill level 10 in Polearms
   169 | D        | Reached XP level 5. HP: 43/53 MP: 4/4
   175 | D        | Slain by a troll

Illustrated notes

Levels and vault maps discovered:
D:        linesprint [early_d, line_temple, items_1, d_10, items_2, lair_1,
          lair_end, items_3, orc_1, orc_end, items_4, d_15, swamp_1, shoals_1,
          snake_1, spider_1, d_20, vaults_1, items_5, swamp_end, shoals_end,
          snake_end, spider_end, vaults_end, d_27, items_6, zot_1, zot_end,
          crypt_end, forest_end, elf_end, slime_end, tomb_end, abyss_end,
          pan_hell_end]

Skill      XL: |  1  2  3  4  5 |
---------------+----------------+-----
Polearms       | 5 8 10 | 10.5
Fighting       | 5 6 7 8 |  8.1
Armour         | 5 6 7 8 |  8.1
Shields        | |  3.6

Action                     |  1- 3 |  4- 6 || total
---------------------------+-------+-------++-------
  Melee: Trident           |    34 |       ||    34
         Headbutt          |     6 |     2 ||     8
         Halberd           |       |     9 ||     9
    Use: Potion            |       |     1 ||     1
 Armour: Scale mail        |    17 |     6 ||    23
  Dodge: Dodged            |    14 |     8 ||    22
  Block: Buckler           |     9 |       ||     9
